 Dungeon Crawl Stone Soup version 0.29.0-3-gbb0933ed62 (webtiles) character file.

Game seed: 6960735026803715914

47 Iusername the Covered (level 3, -1/33 HPs)
             Began as a Minotaur Fighter on Aug 25, 2022.
             Succumbed to an adder's poison
             ... on level 2 of the Dungeon.
             The game lasted 00:01:53 (1425 turns).

Iusername the Covered (Minotaur Fighter)            Turns: 1425, Time: 00:01:54

Health: -1/33      AC:  8    Str: 22    XL:     3   Next: 48%
Magic:  2/2        EV:  9    Int:  5    God:
Gold:   136        SH:  4    Dex:  9    Spells: 2/2 levels left

rFire   . . .      SeeInvis .   a - +0 long sword
rCold   . . .      Faith    .   c - +0 buckler
rNeg    . . .      Spirit   .   b - +0 scale mail
rPois   .          Reflect  .   (helmet restricted)
rElec   .          Harm     .   (no cloak)
rCorr   .          Rampage  .   e - +0 pair of gloves
Will    .....                   (no boots)
Stlth   ..........              (no amulet)
HPRegen 0.11/turn               (no ring)
MPRegen 0.08/turn               (no ring)

@: lethally poisoned (-1 -> -9), attractive
A: horns 2, retaliatory headbutt
a: no special abilities


You were on level 2 of the Dungeon.
You visited 1 branch of the dungeon, and saw 2 of its levels.

You collected 136 gold pieces.

Inventory:

Hand Weapons
 a - a +0 long sword (weapon)
Armour
 b - a +0 scale mail (worn)
 c - a +0 buckler (worn)
 e - a +0 pair of gloves (worn)
Scrolls
 f - a scroll of magic mapping {unknown}
 g - 2 scrolls of blinking {unknown}
 h - a scroll of identify {unknown}
 j - a scroll of noise {unknown}
 k - a scroll of enchant weapon {unknown}
 o - a scroll of poison {unknown}
Potions
 d - a potion of might
 i - a potion of curing {unknown}
 m - 2 potions of lignification {unknown}
 n - a potion of brilliance {unknown}


   Skills:
 + Level 4.0 Fighting
 + Level 3.3 Long Blades
 + Level 4.1 Armour
 + Level 0.3 Dodging
 + Level 4.0 Shields


You had 2 spell levels left.
You didn't know any spells.
Your spell library contained the following spells:

 Spells                   Type           Power      Damage    Failure   Level
 Slow                     Hex            0%         N/A       87%         1
 Confusing Touch          Hex            0%         N/A       99%         3
 Vampiric Draining        Necr           0%         2d6       99%         3


Dungeon Overview and Level Annotations

Branches:
Dungeon (2/15)

Altars:


Innate Abilities, Weirdness & Mutations

You have a pair of horns on your head.
You reflexively headbutt those who attack you in melee.


Message History

You are poisoned.
The adder poisons you! The orc hits you with a +0 whip.
You block the orc's attack. The adder bites you but does no damage.
There are monsters nearby!
You barely miss the adder.
You feel sick. The adder bites you but does no damage.
The orc hits you but does no damage. You block the orc's attack.
The adder bites you.
You are more poisoned.
The adder poisons you! The orc hits you but does no damage. x2
There are monsters nearby!
You miss the adder. You headbutt the adder!
The adder is severely wounded.
You feel sick. The adder bites you.
You are more poisoned.
The adder poisons you! The orc hits you but does no damage. x2
The adder bites you.
There are monsters nearby!
There are monsters nearby!
You are too injured to fight recklessly!
There are monsters nearby!
You are too injured to fight recklessly!
There are monsters nearby!
You are too injured to fight recklessly!
There are monsters nearby!
You feel sick. The adder bites you but does no damage.
The orc hits you but does no damage.
You feel sick. The adder bites you.
* * * LOW HITPOINT WARNING * * *
You are more poisoned.
The adder poisons you! The orc barely misses you. The orc closely misses you.
You barely miss the adder.
The adder is severely wounded.
* * * LOW HITPOINT WARNING * * *
You feel sick. The adder closely misses you.
The orc hits you but does no damage. The orc hits you with a +0 trident.
* * * LOW HITPOINT WARNING * * *
The adder bites you but does no damage.
It was a potion of attraction.
You feel attractive to monsters.
You die...

....#
♣♣...§~~≈≈~♣....♣♣P♣P
♣.P♣~♣♣~.~~~....P♣♣P.
♣.♣♣♣P~♣)♣~♣.......♣.
♣♣....♣P~~~♣~...P.P♣♣♣
♣♣....♣.♣~~~§P.....♣.
♣
#♣.......~♣~~P§§.§.♣.
. #....♣...♣~~♣ § ...
P♣ ##....o...♣~§§§ . .
#♣♣♣)S@P.~~§.♣
♣.o....~P♣. ♣
♣.♣....~♣~♣ .
♣♣....P.....
♣.♣....P...
♣.........P
♣♣......... .........


You could see an adder and 2 orcs.

Vanquished Creatures
  An adder (D:2)
  A worm (D:2)
  A dart slug (D:1)
  An orc (D:2)
  2 ball pythons (D:1)
  2 endoplasms
  2 giant cockroaches (D:1)
  4 goblins
  6 hobgoblins
  A quokka (D:2)
  3 bats (D:1)
  A frilled lizard (D:1)
  2 kobolds
  3 rats
30 creatures vanquished.

Vanquished Creatures (others)
  3 plants (D:2)
3 creatures vanquished.

Grand Total: 33 creatures vanquished

Notes
Turn   | Place    | Note
-------+----------+-------------------------------------------
     0 | D:1      | Iusername the Minotaur Fighter began the quest for the Orb.
     0 | D:1      | Reached XP level 1. HP: 19/19 MP: 0/0
   255 | D:1      | Reached XP level 2. HP: 27/27 MP: 1/1
   422 | D:1      | Found a faded altar of an unknown god.
   903 | D:2      | Reached XP level 3. HP: 33/33 MP: 2/2
  1424 | D:2      | HP: 1/33 [orc/+0 trident (3)]
  1425 | D:2      | Succumbed to an adder's poison

Illustrated notes

Levels and vault maps discovered:
D:1:      dpeg_chamrin_arrival_tetris, layout_loops_ring,
          hellmonk_ecumenical_altar_arch_garden, minmay_statues_item,
          minmay_crystal_water
D:2:      wad_woods_pond, layout_basic, minmay_pentomino_p2

Skill      XL: |  1  2  3 |
---------------+----------+-----
Shields        | 4 |  4.0
Fighting       | 4 |  4.0
Armour         | 4 |  4.1
Long Blades    | 3 |  3.3
Dodging        | |  0.3

Action                   || total
-------------------------++-------
Melee: Long sword        ||    69
       Headbutt          ||    10
  Use: Potion            ||     1
Armor: Scale mail        ||    38
Dodge: Dodged            ||    32
Block: Buckler           ||    20
